cohdb
Replays
Latest Replays
All Replays
Popular Replays
Top Player Replays
Match Explorer
How It Works
Community
CoH3 Stats
Reddit
Sign in to upload your games and track your stats! →
Sign in with Steam
Match 41546191
Unlisted
Match 41546191
Overview
Messages
Build Orders
End
Kradschützen Motorcycle Team
Panzerpioneer Squad
Panzergrenadier Squad
Construct Light Support Kompanie
Assault Grenadier Squad
Panzerjäger Squad
Assault Mechanized Group
Fire Support Elements
Pak 38 Anti-tank Gun Team
MG34 Team
Selects Italian Infantry
Selects Defensive Operations
Selects Territory Booby Traps
Construct Mechanized Kompanie
2.5-tonne Medical Truck
StuG III D Assault Gun
Selects Guastatori Squad
Selects Registered Artillery
Pak 38 Mechanized Group
Selects Obice 305mm Barrage
Obice 305mm Barrage
Marder III Tank Destroyer
Marder III Tank Destroyer
Selects Towed Cannone da 105/28 Field Howitzer
StuG III D Assault Gun
la
gicobiwolfe
MoriMusic
Dwain!
Kong
Amiya
0
0
Comments
sign in to comment!
No comments posted yet!